 Dungeon Crawl Stone Soup version 0.21.1-1-g345015f (webtiles) character file.

11727 muddlingalong the Cleaver (level 11, -14/95 HPs)
             Began as a Minotaur Monk on May 1, 2018.
             Was the Champion of Okawaru.
             Hit by a large rock thrown by a cyclops (21 damage)
             ... on level 11 of the Dungeon on May 2, 2018.
             The game lasted 00:45:45 (8650 turns).

muddlingalong the Cleaver (Minotaur Monk)           Turns: 8650, Time: 00:45:48

Health: -14/95     AC: 16    Str: 17    XL:     11   Next: 53%
Magic:  0/22       EV: 18    Int:  7    God:    Okawaru [******]
Gold:   213        SH:  0    Dex: 19    Spells: 10/10 levels left

rFire    . . .     SeeInvis .   S - +2 battleaxe (freeze)
rCold    . . .     Gourm    .   (shield currently unavailable)
rNeg     . . .     Faith    +   U - +4 scale mail {rPois}
rPois    +         Spirit   +   (helmet restricted)
rElec    .         Reflect  .   J - scarf {Spirit}
rCorr    .         Harm     .   v - +2 pair of gloves
MR       .....                  (no boots)
Stlth    +++.......             P - amulet of faith
HPRegen  0.25/turn              D - +4 ring of dexterity
MPRegen  0.18/turn              s - ring of magical power

@: heroism, slowed, heavily drained, very slow
A: retaliatory headbutt, horns 2
a: Heroism, Finesse, Renounce Religion


You were on level 11 of the Dungeon.
You worshipped Okawaru.
Okawaru was exalted by your worship.
You were not hungry.

You visited 2 branches of the dungeon, and saw 13 of its levels.
You also visited: Labyrinth.

You collected 539 gold pieces.
You spent 326 gold pieces at shops.

Inventory:

Hand Weapons
 N - the +3 battleaxe of Eternal Harmony {chop, +Inv}
   (Okawaru gifted it to you on level 9 of the Dungeon)

   It inflicts extra damage upon your enemies.
   It lets you turn invisible.
 S - a +2 battleaxe of freezing (weapon)
Missiles
 k - 15 tomahawks (quivered)
 t - 8 curare-tipped needles
 w - 2 throwing nets
 x - 7 javelins
Armour
 d - a +0 troll leather armour
 v - a +2 pair of gloves (worn)
 J - a scarf of spirit shield (worn)
 U - a +4 scale mail of poison resistance (worn)
Jewellery
 a - an uncursed ring of positive energy {unknown}
 l - the ring "Xatzecag" {*Tele rElec rPois}
   (You found it in a labyrinth)

   [ring of teleportation]

   It may teleport you next to monsters.
   It insulates you from electricity.
   It protects you from poison.
 s - a ring of magical power (right hand)
 y - an uncursed ring of stealth
 z - a cursed ring of wizardry {unknown}
 D - a +4 ring of dexterity (left hand)
 H - an uncursed ring of protection from magic {unknown}
 I - an uncursed amulet of guardian spirit
 P - an amulet of faith (around neck)
Wands
 b - a wand of random effects (28)
 o - a wand of flame (27)
 B - a wand of polymorph (12)
 C - a wand of paralysis (35)
 G - a wand of digging (11)
 L - a wand of acid (19)
Scrolls
 g - 4 scrolls of fear
 h - 3 scrolls of enchant weapon
 i - 6 scrolls of teleportation
 j - 2 scrolls of amnesia
 m - 3 scrolls of immolation
 r - a scroll of brand weapon {unknown}
 A - 4 scrolls of enchant armour
 K - 2 scrolls of remove curse {unknown}
 O - 2 scrolls of random uselessness {unknown}
 V - a scroll of acquirement
Potions
 e - 2 potions of might
 f - a potion of ambrosia {unknown}
 n - a potion of flight
 p - a potion of magic {unknown}
 q - a potion of resistance {unknown}
 u - 4 potions of curing
 E - a potion of invisibility {unknown}
 F - a potion of mutation {unknown}
 Q - a potion of heal wounds {unknown}
 T - a potion of degeneration {unknown}
Books
 M - a book of Cantrips

   Spells                             Type                      Level
   a - Confusing Touch                Hexes                        1
   b - Animate Skeleton               Necromancy                   1
   c - Summon Small Mammal            Summoning                    1
   d - Apportation                    Translocation                1
 W - a book of Maledictions

   Spells                             Type                      Level
   a - Corona                         Hexes                        1
   b - Ensorcelled Hibernation        Hexes/Ice                    2
   c - Confuse                        Hexes                        3
   d - Tukima's Dance                 Hexes                        3
   e - Dazzling Spray                 Conjuration/Hexes            3
Comestibles
 c - 14 rations


   Skills:
 - Level 8.6(12.0) Fighting
 - Level 14.5(17.7) Axes
 - Level 0.1(3.8) Throwing
 - Level 7.4(10.9) Armour
 - Level 8.1(11.5) Dodging
 - Level 4.0(7.6) Stealth
 * Level 4.7(3.5) Invocations
 * Level 3.8(2.6) Evocations


You had 10 spell levels left.
You didn't know any spells.

Dungeon Overview and Level Annotations

Branches:
Dungeon (12/15)            Temple (1/1) D:5             Orc (0/2) D:9
   Lair: D:8-11

Altars:
Ashenzari
Cheibriados
Elyvilon
Fedhas
Gozag
Hepliaklqana
Kikubaaqudgha
Makhleb
Nemelex Xobeh
Okawaru
Qazlal
Ru
Sif Muna
Trog
Uskayaw
Vehumet
Wu Jian
Xom
Yredelemnul
Zin
The Shining One

Shops:
D:6 (   D:9 =(=:

Annotations:
D:3 Leybi's ghost, amateur MiFi
D:8 2 transporters, Chrigeo's ghost, novice GrFi; Joseph
D:10 AdmiralAndromeda's ghost, journeyman DDMo
D:11 exclusion: hydra
D:12 Josephine


Innate Abilities, Weirdness & Mutations

You reflexively headbutt those who attack you in melee.
You have a pair of horns on your head.


Message History

There is an open door here.
A cyan ugly thing comes into view.
The wraith hits you. The wraith drains your vigour!
You feel as though you will be slow longer.
Josephine points at you and mumbles some strange words.
The ghostly flame explodes!
The ghostly fireball engulfs the wraith.
The wraith completely resists.
The ghostly fireball engulfs you!
You feel drained.
* * * LOW HITPOINT WARNING * * *
The wraith hits you but does no damage.
There is a stone staircase leading up here.
The wraith barely misses you. Josephine hits you but does no damage.
You climb upwards.
Level annotation: exclusion: hydra A cyclops comes into view.
The cyclops throws a large rock.
The large rock hits you!!
* * * LOW HITPOINT WARNING * * *
The cyclops throws a large rock.
The large rock hits you!!
You die...

########
#......#
+C.....#
######
#.####).....##
......
.......@.....#
######
#...########.#
#### # ...#
##.#######.
...........
.#.########
.#.########.
##.#........


You could see a cyclops.

Vanquished Creatures
  A minotaur (Lab)
  4 two-headed ogres
  An unseen horror (D:10)
  An ugly thing (D:9)
  Psyche (D:9)
  5 slime creatures (D:11)
  3 hippogriffs
  2 redbacks (Lab)
  2 wraiths (D:12)
  4 yaks (D:10)
  2 wyverns
  A hungry ghost (D:11)
  A water moccasin (D:8)
  4 orc warriors
  3 sky beasts
  A necrophage (D:11)
  An ogre (D:9)
  3 phantoms
  A crocodile (D:12)
  2 centaurs
  A big kobold (D:8)
  5 bullfrogs
  A gnoll sergeant (D:8)
  A scorpion (D:8)
  6 wights (D:10)
  7 howler monkeys
  3 crimson imps
  4 orc priests
  10 orc wizards
  2 bullfrog skeletons
  5 hounds
  3 jellies
  4 centaur skeletons
  3 iguanas
  8 worker ants
  2 hound zombies
  2 hound skeletons
  A worker ant zombie (D:5)
  A howler monkey zombie (D:7)
  13 adders
  8 gnolls
  A shadow imp (D:11)
  An adder skeleton (D:4)
  2 worms
  A dart slug (D:2)
  4 leopard geckos
  31 orcs
  2 ball pythons (D:2)
  4 giant cockroaches
  5 goblins
  5 hobgoblins
  11 jackals
  6 kobolds
  3 quokkas
  4 bats
  3 frilled lizards
  A jackal skeleton (D:5)
  A quokka skeleton (D:4)
  2 quokka zombies
  6 rats
226 creatures vanquished.

Vanquished Creatures (others)
  12 fungi (D:10)
  3 plants (D:10)
15 creatures vanquished.

Grand Total: 241 creatures vanquished

Notes
Turn   | Place    | Note
-------+----------+-------------------------------------------
     0 | D:1      | muddlingalong the Minotaur Monk began the quest for the Orb.
     0 | D:1      | Reached XP level 1. HP: 19/19 MP: 0/0
   168 | D:1      | Reached XP level 2. HP: 26/27 MP: 1/1
   317 | D:1      | Reached skill level 4 in Axes
   399 | D:2      | Found a shattered altar of Ashenzari.
   399 | D:2      | Found a blossoming altar of Fedhas.
   467 | D:1      | Reached XP level 3. HP: 33/33 MP: 2/2
   478 | D:2      | Reached skill level 1 in Armour
   708 | D:2      | Reached XP level 4. HP: 40/40 MP: 3/3
  1096 | D:3      | Noticed Leybi's ghost (amateur MiFi)
  1495 | D:3      | Reached skill level 5 in Axes
  1495 | D:3      | Reached XP level 5. HP: 38/46 MP: 4/4
  1620 | D:3      | Found a white marble altar of Elyvilon.
  1842 | D:3      | Found a basalt altar of Yredelemnul.
  2054 | D:4      | Noticed a centaur
  2274 | D:4      | Reached XP level 6. HP: 49/52 MP: 5/5
  2312 | D:4      | Noticed an orc warrior
  3151 | D:5      | Entered Level 5 of the Dungeon
  3202 | D:5      | Found an iron altar of Okawaru.
  3206 | D:5      | Reached skill level 6 in Axes
  3209 | D:5      | Noticed a sky beast
  3212 | D:5      | Became a worshipper of Warmaster Okawaru
  3212 | D:5      | Reached * piety under Okawaru
  3212 | D:5      | Reached ** piety under Okawaru
  3233 | D:5      | Killed a sky beast
  3233 | D:5      | Reached XP level 7. HP: 52/59 MP: 3/6
  3557 | D:5      | Reached skill level 7 in Axes
  3577 | D:5      | Reached skill level 5 in Dodging
  3713 | D:5      | Found a staircase to the Ecumenical Temple.
  3719 | Temple   | Entered the Ecumenical Temple
  3937 | D:5      | Found an opulent altar of Gozag.
  4203 | D:6      | Found an ancient bone altar of Kikubaaqudgha.
  4632 | D:6      | Found Zaomnamo's Weapon Shoppe.
  4786 | D:7      | Found a radiant altar of Vehumet.
  4994 | D:4      | Reached XP level 8. HP: 66/66 MP: 7/7
  5273 | D:7      | Reached *** piety under Okawaru
  5273 | D:7      | Reached skill level 8 in Axes
  5274 | D:7      | HP: 3/67 [orc/tomahawk (3)]
  5422 | D:7      | Found a shimmering altar of Xom.
  5895 | D:8      | Reached skill level 9 in Axes
  5959 | D:8      | Identified a scroll of acquirement
  5986 | D:8      | Found a blossoming altar of Fedhas.
  5986 | D:8      | Noticed a deep troll
  5987 | D:8      | Found a sparkling altar of Nemelex Xobeh.
  5989 | D:8      | Noticed a komodo dragon
  5989 | D:8      | Found a deep blue altar of Sif Muna.
  5992 | D:8      | Found a transporter.
  6000 | D:8      | Found a transporter.
  6028 | D:8      | Reached skill level 5 in Fighting
  6040 | D:8      | Noticed Chrigeo's ghost (novice GrFi)
  6041 | D:8      | Noticed Joseph
  6248 | D:9      | Noticed a hippogriff
  6311 | D:9      | Found Vodisyck's Jewellery Shoppe.
  6312 | D:9      | Found Lulet's Jewellery Shoppe.
  6312 | D:9      | Noticed a two-headed ogre
  6323 | D:9      | Killed a two-headed ogre
  6323 | D:9      | Reached **** piety under Okawaru
  6323 | D:9      | Reached ***** piety under Okawaru
  6323 | D:9      | Reached skill level 10 in Axes
  6323 | D:9      | Reached skill level 5 in Armour
  6323 | D:9      | Reached XP level 9. HP: 66/75 MP: 8/8
  6419 | D:6      | Bought a +3 war axe of freezing for 326 gold pieces
  6463 | D:8      | Noticed a two-headed ogre
  6474 | D:8      | Killed a two-headed ogre
  6474 | D:8      | Reached skill level 11 in Axes
  6477 | D:8      | Reached skill level 1 in Invocations
  6810 | D:9      | Noticed a two-headed ogre
  6831 | D:9      | Killed a two-headed ogre
  6831 | D:9      | Received a gift from Okawaru
  6831 | D:9      | Reached skill level 12 in Axes
  6831 | D:9      | Reached XP level 10. HP: 68/86 MP: 9/9
  6841 | D:9      | Got an ichor-stained battleaxe {god gift}
  6842 | D:9      | Identified the +3 battleaxe of Eternal Harmony {chop, +Inv} (Okawaru gifted it to you on level 9 of the Dungeon)
  6858 | D:9      | Found a sacrificial altar of Ru.
  6950 | D:9      | Noticed a purple ugly thing
  6960 | D:9      | Killed a purple ugly thing
  7048 | D:9      | Found a staircase to the Orcish Mines.
  7223 | D:9      | Found a glowing golden altar of the Shining One.
  7231 | D:9      | Found Pehipsac's Book Shoppe.
  7233 | D:9      | Noticed a two-headed ogre
  7256 | D:9      | Killed a two-headed ogre
  7256 | D:9      | Reached skill level 13 in Axes
  7535 | D:9      | Noticed Psyche
  7540 | D:9      | Killed Psyche
  7593 | D:9      | Found Inkidadgh's Antique Weapon Shoppe.
  7675 | D:10     | Entered Level 10 of the Dungeon
  7797 | D:10     | Killed an unseen horror
  7797 | D:10     | Reached ****** piety under Okawaru
  7797 | D:10     | Reached skill level 14 in Axes
  7845 | D:10     | Reached XP level 11. HP: 93/95 MP: 11/11
  7884 | D:10     | Received a gift from Okawaru
  7972 | D:10     | Noticed AdmiralAndromeda's ghost (journeyman DDMo)
  8076 | D:11     | Found a labyrinth entrance.
  8224 | Lab      | Entered a labyrinth
  8277 | Lab      | Reached skill level 1 in Evocations
  8333 | Lab      | Noticed a minotaur
  8343 | Lab      | Killed a minotaur
  8347 | Lab      | Got a crude tin ring
  8441 | D:11     | Noticed a five-headed hydra
  8603 | D:12     | Identified the ring "Xatzecag" {*Tele rElec rPois} (You found it in a labyrinth)
  8616 | D:12     | Noticed Josephine
  8644 | D:12     | Noticed a cyan ugly thing
  8650 | D:11     | Hit by a large rock thrown by a cyclops

Skill      XL: |  1  2  3  4  5  6  7  8  9 10 11 |
---------------+----------------------------------+-----
Fighting       | 4 5 7 8 |  8.6
Axes           | 4 5 6 7 10 12 14 | 14.5
Armour         | 1 2 3 4 5 6 7 |  7.4
Dodging        | 4 5 7 8 |  8.1
Stealth        | 2 3 4 |  4.0
Invocations    | 1 4 |  4.7
Evocations     | 3 |  3.8
Throwing       | |  0.1

Action                   |  1- 3 |  4- 6 |  7- 9 | 10-12 || total
-------------------------+-------+-------+-------+-------++-------
Melee: Hand axe          |    81 |   157 |   217 |       ||   455
       Headbutt          |    10 |    28 |    56 |    56 ||   150
       Punch             |       |       |     1 |       ||     1
       War axe           |       |       |    33 |     2 ||    35
       Battleaxe         |       |       |       |   210 ||   210
Throw: Tomahawk          |       |     2 |     7 |     5 ||    14
Invok: Heroism           |       |     1 |     7 |    13 ||    21
       Finesse           |       |       |       |     2 ||     2
  Use: Scroll            |       |       |     8 |     3 ||    11
 Stab: Sleeping          |     4 |     6 |     4 |     2 ||    16
  Eat: Chunk             |       |     6 |    13 |     7 ||    26
Armor: Troll leather arm |    18 |    28 |    26 |       ||    72
       Plate armour      |       |       |    20 |    82 ||   102
       Scale mail        |       |       |       |    15 ||    15
Dodge: Dodged            |    67 |    83 |   158 |    79 ||   387
